 Dungeon Crawl Stone Soup version 0.22-a0-367-gb72a975 (webtiles) character file.

871 khargal the Shield-Bearer (level 8, -7/48 HPs)
             Began as a Gargoyle Fighter on Apr 22, 2018.
             Splashed by a jelly's acid (10 damage)
             ... on level 5 of the Dungeon.
             The game lasted 00:07:49 (4657 turns).

khargal the Shield-Bearer (Gargoyle Fighter)        Turns: 4657, Time: 00:07:51

Health: -7/48      AC:  3    Str: 22    XL:     8   Next: 3%
Magic:  8/8        EV:  4    Int:  8    God:
Gold:   237        SH: 18    Dex: 15    Spells: 7/7 levels left

rFire    . . .     SeeInvis .   a - +1 flail
rCold    . . .     Gourm    .   c - +1 shield
rNeg     + . .     Faith    .   p - +0 plate armour
rPois    ∞         Spirit   .   (no helmet)
rElec    +         Reflect  +   (no cloak)
rCorr    .         Harm     .   (no gloves)
MR       .....                  u - +0 pair of boots
Stlth    ..........             o - +6 amulet of reflection
HPRegen  0.16/turn              j - +3 ring of dexterity
MPRegen  0.11/turn              m - +2 ring of dexterity

@: corroded
A: negative energy resistance 1, electricity resistance, unbreathing,
petrification resistance, rot immunity, AC +5
a: no special abilities


You were on level 5 of the Dungeon.
You were not hungry.

You visited 1 branch of the dungeon, and saw 5 of its levels.

You collected 237 gold pieces.

Inventory:

Hand Weapons
 a - a +1 flail (weapon)
Missiles
 g - 6 curare-tipped needles
 q - 76 stones (quivered)
Armour
 c - a +1 shield (worn)
 p - a +0 plate armour (worn)
 u - a +0 pair of boots (worn)
Jewellery
 e - an uncursed amulet of faith {unknown}
 j - a +3 ring of dexterity (left hand)
 m - a +2 ring of dexterity (right hand)
 o - a +6 amulet of reflection (around neck)
Wands
 b - a wand of flame (21)
Scrolls
 l - 2 scrolls of teleportation
Potions
 d - a potion of might
 h - 2 potions of brilliance
 i - a potion of haste {unknown}
 k - a potion of agility {unknown}
 r - a potion of magic {unknown}
 s - 2 potions of cancellation {unknown}
 t - a potion of lignification {unknown}
Comestibles
 f - 6 rations
 n - 3 chunks of flesh


   Skills:
 + Level 4.6 Fighting
 + Level 5.7 Maces & Flails
 + Level 4.9 Armour
 + Level 6.7 Shields


You had 7 spell levels left.
You didn't know any spells.

Dungeon Overview and Level Annotations

Branches:
Dungeon (5/15)
 Temple: D:4-7

Altars:
Ashenzari
Ru
Trog
Vehumet
Xom


Innate Abilities, Weirdness & Mutations

You are resistant to torment.
Your stone body is resilient. (AC +5)
You are immune to poison.
You resist negative energy. (rN+)
You are resistant to electric shocks. (rElec)
You can survive without breathing.
You are immune to petrification.
You are immune to rotting.


Message History

The jelly is severely wounded.
The jelly hits you but does no damage.
You hit the jelly. The acid corrodes you!
Your hands burn!
The jelly is almost dead.
You block the jelly's attack.
You hit the jelly but do no damage. The acid corrodes you!
Your hands burn!
* * * LOW HITPOINT WARNING * * *
The jelly is almost dead.
You block the jelly's attack.
You hit the jelly but do no damage.
Your hands burn!
* * * LOW HITPOINT WARNING * * *
The jelly is almost dead.
You block the jelly's attack. The jelly hits you but does no damage.
You hit the jelly but do no damage.
Your hands burn!
* * * LOW HITPOINT WARNING * * *
The jelly is almost dead.
The jelly hits you.
* * * LOW HITPOINT WARNING * * *
You are splashed with acid!
The acid burns!
You die...

#.# ..#
### ##≈≈
#. .⌠..≈#b
#....## #
.#≈.?
..#.##.###
.≈..###J@#
≈##..#h#†#
##≈ ^.≈#.#
. #.[g.#.#
##.≈K⌠#.#
.#.#..≈#.#
###
≈.≈#.≈##.#
####.#
###.## #.#
.....# #.#


You could see a jelly and a jackal.

Vanquished Creatures
  Eustachio (D:3)
  The ghost of soark the Conjurer, an amateur DECj (D:4)
  A phantom (D:3)
  2 scorpions (D:5)
  2 orc priests (D:4)
  A jelly (D:5)
  A hound (D:5)
  An orc wizard (D:4)
  6 worker ants
  Robin (D:4)
  4 adders
  2 worms
  2 dart slugs (D:3)
  7 leopard geckos
  6 orcs (D:4)
  9 giant cockroaches
  11 goblins
  9 hobgoblins
  11 jackals
  3 quokkas
  3 ball pythons
  8 bats
  8 frilled lizards
  A jackal skeleton (D:4)
  5 kobolds
  3 rats
109 creatures vanquished.

Notes
Turn   | Place    | Note
-------+----------+-------------------------------------------
     0 | D:1      | khargal the Gargoyle Fighter began the quest for the Orb.
     0 | D:1      | Reached XP level 1. HP: 14/14 MP: 1/1
   388 | D:1      | Reached XP level 2. HP: 19/19 MP: 2/2
   988 | D:1      | Reached XP level 3. HP: 23/23 MP: 3/3
  1271 | D:2      | Reached skill level 4 in Shields
  1295 | D:2      | Found a shattered altar of Ashenzari.
  1386 | D:2      | Found a sacrificial altar of Ru.
  2134 | D:3      | Reached XP level 4. HP: 27/28 MP: 4/4
  2539 | D:4      | Noticed soark's ghost (amateur DECj)
  2557 | D:4      | Killed soark's ghost
  2557 | D:4      | Reached skill level 5 in Shields
  2557 | D:4      | Reached XP level 5. HP: 18/33 MP: 5/5
  2746 | D:4      | Noticed Eustachio
  2746 | D:4      | Noticed a phantom
  2837 | D:3      | Killed a phantom
  2837 | D:3      | Reached XP level 6. HP: 13/38 MP: 6/6
  3069 | D:3      | Killed Eustachio
  3069 | D:3      | Reached XP level 7. HP: 15/43 MP: 7/7
  3422 | D:4      | Noticed Robin
  3459 | D:4      | Killed Robin
  3478 | D:4      | Reached skill level 6 in Shields
  3869 | D:4      | Reached skill level 5 in Maces & Flails
  4124 | D:4      | Found a shimmering altar of Xom.
  4136 | D:4      | Found a radiant altar of Vehumet.
  4139 | D:4      | Found a bloodstained altar of Trog.
  4198 | D:5      | Entered Level 5 of the Dungeon
  4441 | D:5      | Reached XP level 8. HP: 36/48 MP: 8/8
  4657 | D:5      | Splashed by a jelly's acid

Vault maps used:
D:1:      dpeg_arrival_round_c
D:2:      lemuel_doored_altar, minmay_misc_feat_roman,
          nicolae_ru_sacrificial_ziggurat
D:4:      minitemple, uniq_eustachio, uniq_robin
D:5:      first_ration, tgw_xom

Skill      XL: |  1  2  3  4  5  6  7 |
---------------+----------------------+-----
Shields        | 4 5 6 |  6.7
Maces & Flails | 3 4 5 |  5.7
Fighting       | 4 |  4.6
Armour         | 4 |  4.9

Action                   |  1- 3 |  4- 6 |  7- 9 || total
-------------------------+-------+-------+-------++-------
Melee: Flail             |   178 |   132 |   235 ||   545
  Use: Scroll            |     7 |     2 |       ||     9
       Potion            |       |     1 |     1 ||     2
  Eat: Chunk             |     3 |     4 |     6 ||    13
Armor: Scale mail        |    73 |    69 |     4 ||   146
       Plate armour      |       |       |    77 ||    77
Dodge: Dodged            |    59 |    32 |    17 ||   108
Block: Shield            |   177 |   145 |   215 ||   537
       Reflection        |     1 |     1 |     3 ||     5

Table legend:
 A = Spawn XP
 B = Non-spawn XP
 C = Spawn XP percentage of total XP
 D = Spawn monster count
 E = Non-spawn monster count
 F = Spawn count percentage of total count
 G = Total turns spent on level
                    A         B        C        D         E        F      G
               +---------+---------+-------+---------+---------+-------+---------
         Total |       0 |    1245 |   0.0 |       0 |     109 |   0.0 |  4657
               +---------+---------+-------+---------+---------+-------+---------
           D:1 |       0 |      34 |   0.0 |       0 |      20 |   0.0 |  1060
           D:2 |       0 |      24 |   0.0 |       0 |      13 |   0.0 |   937
           D:3 |       0 |     416 |   0.0 |       0 |      24 |   0.0 |  1003
           D:4 |       0 |     432 |   0.0 |       0 |      39 |   0.0 |  1198
           D:5 |       0 |     339 |   0.0 |       0 |      13 |   0.0 |   459
               +---------+---------+-------+---------+---------+-------+---------
